 Dungeon Crawl Stone Soup version 0.21-a0-529-g8c7b3f5d53 (webtiles) character file.

94 JackS81 the Insei (level 4, -2/32 HPs)
             Began as a Demonspawn Transmuter on Dec 9, 2017.
             Slain by a gnoll
             ... wielding a +0 spear
              (10 damage)
             ... on level 2 of the Dungeon.
             The game lasted 00:09:16 (2343 turns).

JackS81 the Insei (Demonspawn Transmuter)           Turns: 2343, Time: 00:09:17

Health: -2/32      AC:  2    Str: 11      XL:     4   Next: 38%
Magic:  0/7        EV: 12    Int: 14 (15) God:
Gold:   73         SH:  0    Dex: 12 (13) Spells: 1/7 levels left

rFire    . . .     SeeInvis .     - Unarmed
rCold    . . .     Gourm    .   (no shield)
rNeg     . . .     Faith    .   b - +0 robe
rPois    .         Spirit   .   (no helmet)
rElec    .         Reflect  .   (no cloak)
rCorr    .         Harm     .   (no gloves)
MR       .....                  (boots currently unavailable)
Stlth    +.........             (no amulet)
HPRegen  0.10/turn              (no ring)
MPRegen  0.10/turn              (no ring)

@: appendage (expiring)
A: claws 2, talons 3
a: End Transformation


You were on level 2 of the Dungeon.
You were not hungry.
You had grown temporary talons.
You visited 1 branch of the dungeon, and saw 2 of its levels.

You collected 73 gold pieces.

Inventory:

Hand Weapons
 i - a cursed -3 dagger
Missiles
 a - 6 arrows
 e - 98 stones (quivered)
Armour
 b - a +0 robe (worn)
Jewellery
 j - a cursed ring of loudness {unknown}
Scrolls
 f - a scroll of remove curse {unknown}
 g - a scroll of identify {unknown}
 l - a scroll of fear {unknown}
 m - a scroll of fog {unknown}
Potions
 h - a potion of degeneration
 o - a potion of flight {unknown}
Books
 c - a book of Changes

   Spells                             Type                      Level
   a - Beastly Appendage              Transmutation                1
   b - Sticks to Snakes               Transmutation                2
   c - Spider Form                    Transmutation/Poison         3
   d - Ice Form                       Ice/Transmutation            4
   e - Blade Hands                    Transmutation                5
Comestibles
 d - a bread ration
 k - 2 royal jellies
 n - a meat ration


   Skills:
 - Level 1.0 Fighting
 - Level 1.7 Dodging
 * Level 4.2 Unarmed Combat
 - Level 2.0 Spellcasting
 * Level 2.6 Transmutations
 * Level 0.6 Poison Magic


You had one spell level left.
You knew the following spells:

 Your Spells              Type           Power        Failure   Level  Hunger
a - Beastly Appendage     Tmut           #.....       9%          1    ##.....
b - Spider Form           Tmut/Pois      #.........   36%         3    ####...
c - Sticks to Snakes      Tmut           #.......     12%         2    ###....


Dungeon Overview and Level Annotations

Branches:
Dungeon (2/15)

Altars:
Ashenzari
Trog


Innate Abilities, Weirdness & Mutations

You have very sharp fingernails.
You have claws for feet.


Message History

You create a snake!
You now have 6 arrows.
Your ball python bites the gnoll.
The gnoll dies!
You feel your intelligence returning.
Your ball python bites the gnoll but does no damage.
Your ball python closely misses the gnoll.
What are your orders? t - Shout!
Orders for allies: a - Attack new target. r - Retreat! s - Stop attacking. g - Guard the area. f - Follow me.
Anything else - Cancel.
Gang up on whom?
Press: ? - help, Dir - move target cursor, f - gnoll
Aim: a gnoll, wielding a spear Attack!
The gnoll closely misses you.
Your ball python bites the gnoll but does no damage.
Your ball python grabs the gnoll.
Your ball python constricts the gnoll.
Your transformation is almost over.
The gnoll hits you from afar with a spear!
You die...

####....#... #.###
#........ ##[#
##.......##..#
#....###...#
#########....#
.............#
#...#.......# ########
#. ##......####.......
#..###.@.......>..######
........S...........#
......Sg######...#.>####
...$.....# ###........
....(.....# ###..#...
..(.......# ##.....
..........# #.....
.....(...## #.....
..[##...## ###...


You could see a gnoll and 2 friendly ball pythons.

Vanquished Creatures
  A gnoll (D:2)
  An adder (D:2)
  A worm (D:2)
  2 dart slugs (D:2)
  2 leopard geckos
  3 bats
  5 giant cockroaches
  6 goblins
  6 hobgoblins
  4 frilled lizards
  6 kobolds
  12 rats
49 creatures vanquished.

Vanquished Creatures (collateral kills)
  A gnoll (D:2)
  An adder (D:2)
2 creatures vanquished.

Grand Total: 51 creatures vanquished

Notes
Turn   | Place    | Note
-------+----------+-------------------------------------------
     0 | D:1      | JackS81 the Demonspawn Transmuter began the quest for the Orb.
     0 | D:1      | Reached XP level 1. HP: 15/15 MP: 3/3
    31 | D:1      | Reached skill level 3 in Unarmed Combat
   239 | D:1      | Gained mutation: You have sharp fingernails. [demonic ancestry]
   239 | D:1      | Reached XP level 2. HP: 15/21 MP: 3/5
   847 | D:1      | Gained mutation: You have very sharp fingernails. [demonic ancestry]
   847 | D:1      | Reached XP level 3. HP: 23/26 MP: 6/6
  1099 | D:1      | Learned a level 3 spell: Spider Form
  1102 | D:1      | Learned a level 2 spell: Sticks to Snakes
  1108 | D:2      | Found a shattered altar of Ashenzari.
  1389 | D:2      | Noticed a moth of wrath
  1391 | D:2      | Found a bloodstained altar of Trog.
  1532 | D:2      | Reached skill level 4 in Unarmed Combat
  1771 | D:2      | Reached XP level 4. HP: 5/32 MP: 1/7
  2343 | D:2      | Slain by a gnoll

Vault maps used:
D:1:      dpeg_arrival_shrine
D:2:      tgw_trog, ashenzari_altar_1, kennysheep_path_1,
          minmay_misc_feat_more_columns

Skill      XL: |  1  2  3 |
---------------+----------+-----
Unarmed Combat | 3 4 |  4.2
Transmutations | 2 |  2.6
Fighting       | |  1.0
Dodging        | |  1.7
Spellcasting   | |  2.0
Poison Magic   | |  0.6

Action                   |  1- 3 |  4- 6 || total
-------------------------+-------+-------++-------
Melee: Unarmed           |   147 |    14 ||   161
       Kick              |    10 |       ||    10
       Headbutt          |     3 |       ||     3
       Punch             |     1 |       ||     1
 Cast: Beastly Appendage |    24 |     4 ||    28
       Sticks to Snakes  |     3 |     3 ||     6
       Spider Form       |     1 |     1 ||     2
 Abil: End Transformatio |     1 |       ||     1
  Use: Potion            |     3 |       ||     3
 Stab: Sleeping          |     2 |       ||     2
       Distracted        |     1 |       ||     1
  Eat: Chunk             |     4 |     2 ||     6
Armor: Robe              |    28 |     1 ||    29
       Skin              |     2 |       ||     2
Dodge: Dodged            |    77 |    13 ||    90

Table legend:
 A = Spawn XP
 B = Non-spawn XP
 C = Spawn XP percentage of total XP
 D = Spawn monster count
 E = Non-spawn monster count
 F = Spawn count percentage of total count
 G = Total turns spent on level
                    A         B        C        D         E        F      G
               +---------+---------+-------+---------+---------+-------+---------
         Total |       0 |     135 |   0.0 |       0 |      51 |   0.0 |  2343
               +---------+---------+-------+---------+---------+-------+---------
           D:1 |       0 |      42 |   0.0 |       0 |      26 |   0.0 |  1108
           D:2 |       0 |      93 |   0.0 |       0 |      25 |   0.0 |  1235
               +---------+---------+-------+---------+---------+-------+---------
